Map: Prion Terraces

Players

bigblakdaddy - Winner!

  • Race: Zerg Zerg
  • League: Diamond

LilDicky

  • Race: Terran Terran
  • League: Diamond

VOD

http://www.twitch.tv/tumescentpie

Description

Time

  • Played on: Nov. 30, 2015, 6:59 p.m.
  • Length: 10:39
Show
View Real Time Build Order
Export as new Build Order

bigblakdaddy Zerg - Winner!

Build Orders: Hatch First 

Get SALT Encoding   

  12  0:01  Drone  
  13  0:12  Overlord  
  13  0:17  Drone  
  14  0:23  Drone, Extractor  
  15  0:30  Drone  
  15  0:34  Drone  
  17  0:53  Hatchery  
  17  0:56  Drone  
  17  1:00  Drone  
  18  1:13  Spawning Pool  
  18  1:16  Drone  
  18  1:18  Extractor  
  18  1:20  Drone  
  18  1:28  Drone  
  19  1:38  Overlord  
  19  1:50  Drone  
  20  2:00  Queen  
  22  2:04  Zergling x2  
  22  2:05  Queen  
  22  2:07  Drone  
  26  2:12  Drone  
  27  2:18  Drone  
  27  2:22  Zergling x2  
  29  2:25  Metabolic Boost  
  29  2:29  Drone  
  30  2:33  Drone  
  31  2:40  Queen x2  
  34  2:51  Drone x2  
  34  2:52  Overlord  
  36  3:02  Overlord  
  35  3:26  Drone x3  
  37  3:27  Hatchery  
  37  3:30  Lair  
  37  3:31  Extractor  
  35  3:38  Drone x5  
  40  3:42  Drone  
  40  3:44  Drone  
  40  3:47  Drone  
  43  3:50  Drone  
  44  3:59  Drone  
  44  4:00  Drone x2, Extractor x2  
  44  4:01  Drone  
  44  4:02  Drone  
  47  4:04  Drone  
  48  4:11  Roach Warren  
  48  4:13  Zergling x2  
  48  4:16  Overlord  
  48  4:25  Drone x3  
  51  4:35  Evolution Chamber x2, Overlord  
  51  4:38  Drone x2  
  51  4:44  Drone x3  
  54  4:48  Queen  
  55  5:00  Spire  
  55  5:02  Drone  
  55  5:03  Drone x2  
  57  5:09  Overseer  
  57  5:11  Glial Reconstitution  
  57  5:14  Zerg Missile Weapons Level 1  
  57  5:15  Zerg Ground Armor Level 1  
  57  5:19  Drone x2  
  59  5:22  Drone, Extractor x2  
  59  5:23  Drone  
  59  5:25  Drone  
  59  5:27  Drone  
  59  5:28  Drone  
  62  5:30  Drone  
  63  5:36  Overlord  
  63  5:52  Roach x5  
  63  5:54  Roach  
  75  5:57  Overlord  
  75  6:01  Overseer  
  75  6:04  Overlord x2  
  75  6:06  Hatchery  
  74  6:21  Roach x7  
  74  6:24  Roach x2  
  92  6:35  Roach x6  
  104  6:43  Overlord x2  
  103  6:48  Roach  
  97  6:56  Roach x2  
  97  6:57  Roach  
  97  6:59  Roach x2  
  96  7:01  Roach  
  96  7:02  Overlord  
  96  7:08  Mutalisk x2  
  98  7:19  Roach x4  
  98  7:20  Spore Crawler  
  100  7:39  Roach x4  
  100  7:40  Roach x5  
  100  7:41  Ravager x2  
  120  7:49  Zerg Missile Weapons Level 2  
  120  7:50  Zerg Ground Armor Level 2  
  120  7:57  Overlord  
  120  7:58  Overlord  
  120  8:09  Overlord x2  
  120  8:19  Roach  
  121  8:20  Roach x6  
  121  8:23  Corruptor  
  131  8:28  Roach  
  131  8:31  Roach x2  
  131  8:33  Drone x2  
  139  8:41  Roach  
  127  8:44  Roach x3  
  127  8:45  Roach  
  127  8:47  Roach  
  117  8:48  Roach  
  117  8:50  Roach  
  109  9:03  Ravager  
  109  9:04  Ravager x9  
  109  9:05  Ravager  
  117  9:15  Drone x5  
  122  9:19  Drone x3, Extractor  
  122  9:20  Drone, Extractor  
  122  9:21  Drone x2, Corruptor  
  122  9:22  Corruptor  
  130  9:37  Roach x2  
  130  9:38  Roach x3  
  124  9:57  Roach x4  
  124  9:58  Roach x2  
  134  10:01  Roach x2  
  134  10:02  Roach x2  
  136  10:09  Roach x2  
  136  10:13  Roach x2  
Show
View Real Time Build Order
Export as new Build Order

LilDicky Terran 

Build Orders: MMM Bio 

Get SALT Encoding   

  12  0:01  SCV  
  13  0:13  SCV  
  14  0:18  Supply Depot  
  14  0:25  SCV  
  15  0:30  Refinery  
  15  0:40  SCV  
  16  0:45  Barracks  
  16  0:58  SCV  
  17  1:11  SCV  
  18  1:23  SCV  
  20  1:32  Reaper  
  20  1:38  Orbital Command  
  20  1:44  Command Center  
  20  1:53  Refinery  
  20  2:06  Barracks Reactor  
  20  2:12  Supply Depot  
  20  2:16  Factory  
  20  2:20  SCV  
  21  2:32  SCV  
  22  2:51  SCV, Marine x2  
  25  2:59  Factory Tech Lab  
  25  3:03  Orbital Command  
  24  3:25  SCV  
  24  3:26  Marine x2  
  26  3:27  Siege Tank  
  26  3:30  SCV  
  26  3:33  Starport  
  30  3:37  SCV  
  31  3:42  SCV  
  31  3:44  Marine x2  
  34  3:49  SCV  
  34  3:55  SCV  
  36  3:58  Barracks  
  36  4:00  Barracks  
  36  4:01  SCV  
  36  4:02  Marine x2  
  39  4:09  SCV  
  43  4:22  SCV  
  41  4:27  Viking, Medivac  
  41  4:29  SCV  
  46  4:33  Stimpack  
  46  4:39  Engineering Bay x2  
  46  4:41  SCV, Marine  
  48  4:46  Barracks Reactor  
  48  4:47  Barracks Tech Lab, Liberator  
  48  4:50  Supply Depot  
  48  4:51  SCV  
  49  4:53  SCV  
  49  4:59  Supply Depot  
  53  5:13  Combat Shields  
  53  5:14  Marine x2  
  53  5:16  SCV  
  56  5:23  Supply Depot  
  56  5:24  Marine  
  56  5:25  Marine  
  58  5:30  SCV, Refinery  
  58  5:31  SCV  
  58  5:32  Refinery, Marine x2  
  58  5:34  Terran Infantry Weapons Level 1  
  62  5:47  Command Center  
  62  5:51  Supply Depot  
  62  5:53  Factory Tech Lab  
  62  5:55  Marine  
  62  5:56  Marine  
  64  5:59  Medivac  
  66  6:06  SCV  
  67  6:12  SCV  
  67  6:16  Terran Infantry Armor Level 1  
  68  6:22  Barracks, Marine x2  
  70  6:27  Marine  
  70  6:28  Marine  
  70  6:29  Supply Depot  
  53  7:10  Siege Tank, Marine x2  
  53  7:11  Marine x2  
  53  7:13  Barracks Reactor  
  60  7:17  Armory, Barracks, Orbital Command  
  60  7:18  Barracks  
  58  7:28  Marine x2  
  58  7:29  Marauder  
  62  7:30  Marine  
  63  7:45  Liberator  
  63  7:46  Marine x2  
  63  7:48  Marauder  
  63  7:50  Siege Tank, Marauder  
  69  7:53  SCV x2  
  71  8:04  SCV, Marine x2  
  77  8:11  Terran Infantry Weapons Level 2  
  72  8:25  Marine x2  
  72  8:27  Siege Tank  
  74  8:37  Orbital Command  
  67  8:48  Marine x2  
  56  8:49  Marauder x2  
  56  8:55  Liberator  
  52  8:57  Orbital Command  
  52  8:59  Marine  
  51  9:05  SCV  
  51  9:08  Barracks Tech Lab x2  
  52  9:10  Medivac, Marauder  
  52  9:12  Marine  
  52  9:14  Siege Tank  
  52  9:16  SCV  
  64  9:19  SCV  
  64  9:23  SCV, Marine  
  69  9:24  Marauder  
  69  9:28  SCV  
  70  9:31  SCV  
  54  9:57  Marine  
  54  9:58  Marine x7  
  53  10:14  Marine  
  53  10:16  Marine x2  
  53  10:17  Marauder x2  
  53  10:19  Marine x3  
  57  10:23  SCV x2  
Tags
 
Add a new tag
Caveats
  • Supply blocks, unpowered buildings, or Contaminate may cause inaccurate times.
  • Supply counts are checked every 10 seconds.